 Dungeon Crawl Stone Soup version 0.28.0 (webtiles) character file.

Game seed: 5030467310838245284

2874 trckry the Umbral (level 9, -5/53 (57) HPs)
             Began as a Demonspawn Wanderer on Feb 12, 2022.
             Was an Elder of Dithmenos.
             Slain by a wight (10 damage)
             ... on level 7 of the Dungeon.
             The game lasted 00:24:20 (6730 turns).

trckry the Umbral (Demonspawn Wanderer)             Turns: 6730, Time: 00:24:21

HP:   -5/53 (57)    AC: 16    Str: 14    XL:     9   Next: 47%
MP:   9/15          EV: 12    Int: 23    God:    Dithmenos [****..]
Gold: 276           SH:  4    Dex: 12    Spells: 6/16 levels left

rFire   . . .      SeeInvis .   k - +10 mace of Ascent {vorpal, Str+2}
rCold   + . .      Faith    .   (no shield)
rNeg    . . .      Spirit   .   c - +0 robe
rPois   +          Reflect  .   v - +0 helmet
rElec   .          Harm     .   d - +0 cloak
rCorr   .          Rampage  .   (no gloves)
Will    .....                   i - +0 pair of boots
Stlth   ++........              (no amulet)
HPRegen 0.17/turn               g - ring of protection from cold
MPRegen 0.28/turn               C - ring of poison resistance

@: ice-armoured, freezing walls, wreathed by umbra, drained
A: claws 1, icemail 1, magic regeneration, big brain 2, condensation shield
a: Renounce Religion, Shadow Step


You were on level 7 of the Dungeon.
You worshipped Dithmenos.
Dithmenos was greatly pleased with you.
You visited 2 branches of the dungeon, and saw 8 of its levels.
You also visited: Sewer and Ossuary.

You collected 276 gold pieces.

Inventory:

Hand Weapons
 k - the +10 mace of Ascent (weapon) {vorpal, Str+2}
   (You found it on level 3 of the Dungeon)

   It inflicts extra damage upon your enemies.
   Str:       It affects your strength (+2).
 l - a +0 short sword of venom
Missiles
 a - 4 atropa-tipped darts
 b - 100 stones (quivered)
 m - 12 poisoned darts
Armour
 c - a +0 robe (worn)
 d - a +0 cloak (worn)
 i - a +0 pair of boots (worn)
 v - a +0 helmet (worn)
Jewellery
 g - a ring of protection from cold (left claw)
 u - a ring of protection from fire
 C - a ring of poison resistance (right claw)
Wands
 y - a wand of polymorph (3)
Scrolls
 f - 8 scrolls of identify {unknown}
 h - 2 scrolls of blinking {unknown}
 j - 3 scrolls of teleportation {unknown}
 q - a scroll of holy word {unknown}
 r - a scroll of vulnerability {unknown}
 w - 2 scrolls of fear {unknown}
 B - a scroll of enchant armour {unknown}
 D - a scroll of brand weapon {unknown}
 E - a scroll of enchant weapon {unknown}
Potions
 e - 6 potions of might {unknown}
 n - 3 potions of mutation {unknown}
 o - 3 potions of curing {unknown}
 p - 2 potions of brilliance {unknown}
 s - a potion of flight {unknown}
 t - a potion of degeneration {unknown}
 x - 4 potions of lignification {unknown}
 z - 4 potions of heal wounds {unknown}
 A - 2 potions of cancellation {unknown}


   Skills:
 - Level 1.7 Dodging
 - Level 4.0 Spellcasting
 + Level 6.1 Conjurations
 + Level 7.0 Ice Magic
 + Level 6.1 Earth Magic
 + Level 7.9 Invocations


You had 6 spell levels left.
You knew the following spells:

 Your Spells              Type           Power      Damage    Failure   Level
a - Sandblast             Erth           64%        2d14      1%          1
b - Frozen Ramparts       Ice            72%        1d9       1%          3
c - Stone Arrow           Conj/Erth      64%        3d11      2%          3
d - Ozocubu's Armour      Ice            36%        N/A       1%          3

Your spell library contained the following spells:

 Spells                   Type           Power      Damage    Failure   Level
 Freeze                   Ice            100%       1d11      1%          1
 Hailstorm                Conj/Ice       34%        3d9       7%          4
 Animate Skeleton         Necr           8%         N/A       11%         1
 Pain                     Necr           16%        1d4       11%         1
 Iskenderun's Battlesphe  Conj           33%        2d9       22%         5
 Ice Form                 Ice/Tmut       20%        N/A       24%         4
 Summon Ice Beast         Ice/Summ       20%        N/A       24%         4
 Vampiric Draining        Necr           4%         2d6       30%         3
 Iron Shot                Conj/Erth      16%        9d4       78%         6
 Spellforged Servitor     Conj/Summ      9%         N/A       100%        7


Dungeon Overview and Level Annotations

Branches:
Dungeon (7/15)             Temple (1/1) D:4           Sewer (visited)
Ossuary (visited)

Altars:
Ashenzari
Cheibriados
Dithmenos
Elyvilon
Fedhas
Gozag
Kikubaaqudgha
Makhleb
Nemelex Xobeh
Okawaru
Qazlal
Sif Muna
Trog
Uskayaw
Vehumet
Wu Jian
Xom
Yredelemnul
Zin
The Shining One

Shops:
D:1 [   D:3 =   D:6 *


Innate Abilities, Weirdness & Mutations

You have sharp fingernails.
A meltable icy envelope protects you from harm. (AC +4)
You regenerate magic rapidly.
You have an extremely huge brain. (Int +4)
A meltable shield of frost defends you. (SH +4)


Message History

The wight hits you but does no damage.
You barely miss the wight.
The wight is severely damaged.
The wight resists.
The wall freezes the wight.
The wight completely misses you.
The wight completely resists.
The wall freezes the wight but does no damage.
The wight hits you but does no damage.
The wight completely resists.
The wall freezes the wight but does no damage.
The wight misses you.
You hit the wight.
The wight is severely damaged.
The wight completely resists.
The wall freezes the wight but does no damage.
The wight misses you.
The wight resists.
The wall freezes the wight.
The wight hits you with a +0 flail.
You feel drained.
The wight completely resists.
The wall freezes the wight but does no damage.
The wight hits you with a +3 mace!
* * * LOW HITPOINT WARNING * * *
You feel drained.
The wight completely resists.
The wall freezes the wight but does no damage.
The wight barely misses you.
You sock the wight!
You destroy the wight!
Dithmenos accepts your kill.
The frozen ramparts melt away.
You block the wight's attack. x2
The wight hits you with a +0 flail.
* * * LOW HITPOINT WARNING * * *
Casting: Ozocubu's Armour (safe; 1% risk of failure)
Confirm with . or Enter, or press ? or * to list all spells.
Casting: Frozen Ramparts (safe; 1% risk of failure)
Press: ? - help, Dir - look around, f - activate This square is wreathed by an umbra.
The walls around you are covered in ice.
The wight resists.
The wall freezes the wight.
The wight hits you from afar with a +0 spear.
* * * LOW HITPOINT WARNING * * *
The wight resists.
The wall freezes the wight.
The wight hits you with a +0 flail!
You die...

#.# ..## #.###..# #.#
....#..###### #.#
#.###.......# ##.##
#.#?...# #.###...##
###....# #.# .....#
......#####.# .z.#
####......#.####.#######
#.##........)@z.....=
#.##...#.####.#######
#.######.# #.# #.> ..#
#.# ### #### #.# #.# #.#
#.#


You could see 2 wights.

Vanquished Creatures
  Pikel (D:5)
  Prince Ribbit (D:5)
  Sigmund (D:3)
  A steam dragon (D:6)
  Pargi (Sewer)
  A necrophage (D:6)
  An ice beast (D:5)
  A sky beast (D:6)
  2 ogres (D:6)
  A centaur (D:5)
  3 lemures (D:5)
  2 kobold brigands
  A bullfrog (D:7)
  A scorpion (D:4)
  7 water moccasin zombies (Ossuary)
  2 howler monkeys (D:7)
  A wight (D:7)
  A centaur zombie (D:3)
  3 bullfrog skeletons
  Crazy Yiuf (D:4)
  A centaur skeleton (D:7)
  An orc priest (D:4)
  Terence (D:2)
  An iguana (D:6)
  Natasha (twice) (D:4)
  An orc wizard (D:6)
  A hound skeleton (D:4)
  2 mummies (Ossuary)
  6 adders
  A white imp (D:6)
  4 adder zombies (Ossuary)
  2 adder skeletons (D:4)
  2 worms
  5 dart slugs
  11 orcs
  7 endoplasms
  7 giant cockroaches
  4 gnoll zombies (Ossuary)
  4 goblins
  9 hobgoblins
  2 jackals (D:2)
  3 quokkas
  4 ball pythons
  5 bats
  7 frilled lizards
  5 hobgoblin zombies (Ossuary)
  19 kobolds
  6 kobold zombies (Ossuary)
  2 orc zombies (Ossuary)
  4 rats
162 creatures vanquished.

Notes
Turn   | Place    | Note
-------+----------+-------------------------------------------
     0 | D:1      | trckry the Demonspawn Wanderer began the quest for the Orb.
     0 | D:1      | trckry set off with the following items: a +0 club, 23
                  | stones, a +0 robe, a +0 cloak; and the following spells
                  | available to memorise: Freeze, Sandblast, Ozocubu's Armour,
                  | Stone Arrow, Hailstorm
     0 | D:1      | Reached XP level 1. HP: 13/13 MP: 4/4
    34 | D:1      | Learned a level 1 spell: Sandblast
   226 | D:1      | Gained mutation: You have an unusually large brain. (Int
                  | +2) [demonic ancestry]
   226 | D:1      | Reached XP level 2. HP: 9/19 MP: 1/6
   740 | D:1      | Found a faded altar of an unknown god.
   742 | D:1      | Prayed at the altar of an unknown god.
   742 | D:1      | Became a worshipper of Dithmenos the Shadowed
   742 | D:1      | Reached * piety under Dithmenos
   823 | D:1      | Found Zooch's Antique Armour Emporium.
  1215 | D:2      | Reached XP level 3. HP: 24/24 MP: 7/7
  1221 | D:2      | Learned a level 3 spell: Frozen Ramparts
  1225 | D:2      | Learned a level 3 spell: Stone Arrow
  1702 | D:2      | Noticed Terence
  1713 | D:2      | Killed Terence
  1809 | D:2      | Gained mutation: A meltable shield of frost defends you.
                  | (SH +4) [demonic ancestry]
  1809 | D:2      | Reached XP level 4. HP: 30/30 MP: 8/8
  2027 | D:2      | Reached skill level 1 in Conjurations
  2169 | D:3      | Identified the +10 mace of Ascent {vorpal, Str+2}
  2185 | D:3      | Found a glowing drain.
  2220 | Sewer    | Entered a sewer
  2228 | Sewer    | Reached ** piety under Dithmenos
  2358 | Sewer    | Noticed Pargi
  2362 | Sewer    | Killed Pargi
  2363 | Sewer    | Gained mutation: You regenerate magic rapidly. [demonic
                  | ancestry]
  2363 | Sewer    | Reached XP level 5. HP: 30/35 MP: 5/10
  2427 | D:3      | Found Bifezoeh's Jewellery Boutique.
  2558 | D:3      | Noticed Sigmund
  2565 | D:3      | Learned a level 3 spell: Ozocubu's Armour
  2574 | D:3      | Killed Sigmund
  2575 | D:3      | Reached XP level 6. HP: 41/41 MP: 4/12
  3107 | D:4      | Found a broken altar of Ashenzari.
  3408 | D:4      | Found a runed translucent door.
  3409 | D:4      | Noticed Crazy Yiuf
  3423 | D:4      | Killed Crazy Yiuf
  3424 | D:4      | Reached skill level 5 in Ice Magic
  3514 | D:4      | Noticed Natasha
  3517 | D:4      | Killed Natasha
  3525 | D:4      | Gained mutation: A meltable icy envelope protects you from
                  | harm. (AC +4) [demonic ancestry]
  3525 | D:4      | Reached XP level 7. HP: 46/46 MP: 7/13
  3630 | D:4      | Reached skill level 1 in Invocations
  3648 | D:4      | Noticed Natasha
  3660 | D:4      | Killed Natasha
  3828 | D:4      | Found a staircase to the Ecumenical Temple.
  3835 | Temple   | Entered the Ecumenical Temple
  4352 | D:5      | Entered Level 5 of the Dungeon
  4379 | D:5      | Found a shadowy altar of Dithmenos.
  4477 | D:5      | Found a blossoming altar of Fedhas.
  4477 | D:5      | Found an iron altar of Okawaru.
  4477 | D:5      | Found a hide-covered altar of Uskayaw.
  4477 | D:5      | Found a stormy altar of Qazlal.
  4485 | D:5      | Found a shimmering altar of Xom.
  4490 | D:5      | Found a radiant altar of Vehumet.
  4495 | D:5      | Reached *** piety under Dithmenos
  4648 | D:5      | Noticed Prince Ribbit
  4662 | D:5      | Killed Prince Ribbit
  4803 | D:5      | Gained mutation: You have an extremely huge brain. (Int +4)
                  | [demonic ancestry]
  4803 | D:5      | Reached XP level 8. HP: 45/52 MP: 14/14
  4883 | D:5      | Noticed Pikel
  4930 | D:5      | Killed Pikel
  5281 | D:6      | Found an ornate altar of the Wu Jian Council.
  5286 | D:6      | Noticed a spectral centipede
  5286 | D:6      | Noticed a spectral black mamba
  5388 | D:6      | Reached skill level 5 in Earth Magic
  5416 | D:6      | Found Zin's Purification Station.
  5618 | D:6      | Reached skill level 5 in Conjurations
  5920 | D:6      | Gained mutation: You have sharp fingernails. [demonic
                  | ancestry]
  5920 | D:6      | Reached XP level 9. HP: 57/57 MP: 9/15
  6388 | D:7      | Found a sand-covered staircase.
  6396 | Ossuary  | Entered an ossuary
  6450 | Ossuary  | Reached **** piety under Dithmenos
  6730 | D:7      | HP: 5/53 [wight (3)]
  6730 | D:7      | Slain by a wight

Illustrated notes

Levels and vault maps discovered:
D:1:      kennysheep_arrival_seaside, layout_rooms, serial_shops, shop,
          chequers_ecumenical_altar_twisty
D:2:      minmay_general_purpose_star, layout_basic, uniq_terence
D:3:      layout_loops_ring, mainiacjoe_overflow_brackets, portal_sewer_entry_b,
          serial_shops, nicolae_shop_stone, uniq_sigmund
D:4:      layout_basic, ashenzari_conservatory_becter,
          minmay_temple_entry_enclosed_plants, uniq_natasha,
          uniq_crazy_yiuf_cottage
D:5:      layout_loops_ring, minmay_overflow_temple_hex, old_standard_altar,
          uniq_pikel, uniq_prince_ribbit1
D:6:      layout_basic, zin_purify, pdpol_wu_jian_five_deadly_venoms
D:7:      layout_loops_corners, enter_bailey_5, nicolae_ossuary_entry_plus
Temple:   compressed_dpeg_triangle_lava_temple

Skill      XL: |  1  2  3  4  5  6  7  8  9 |
---------------+----------------------------+-----
Earth Magic    | 2 3 4 5 6 |  6.1
Ice Magic      | 4 5 6 7 |  7.0
Conjurations   | 2 3 4 5 6 |  6.1
Spellcasting   | 4 |  4.0
Invocations    | 4 7 |  7.9
Dodging        | |  1.7

Action                   |  1- 3 |  4- 6 |  7- 9 || total
-------------------------+-------+-------+-------++-------
Melee: Club              |    31 |       |       ||    31
       Short sword       |    45 |    19 |       ||    64
       Morningstar       |    13 |       |       ||    13
       Punch             |     1 |       |     2 ||     3
       Mace              |       |    71 |   178 ||   249
 Cast: Sandblast         |    25 |     1 |       ||    26
       Frozen Ramparts   |     1 |     6 |    21 ||    28
       Ozocubu's Armour  |       |     3 |    10 ||    13
       Stone Arrow       |       |       |    13 ||    13
 Stab: Sleeping          |     1 |     1 |       ||     2
Armor: Robe              |    18 |    15 |    71 ||   104
Dodge: Dodged            |    72 |    65 |   153 ||   290
Block: Other             |       |    21 |    41 ||    62
